 Dungeon Crawl Stone Soup version 0.29.1-15-g9cfb28693d (webtiles) character file.

Game seed: 4605615251928543183

13589 101zpm the Thaumaturge (level 12, -2/72 HPs)
             Began as a Djinni Fire Elementalist on Mar 16, 2023.
             Was a Follower of Makhleb.
             Slain by a wraith (10 damage)
             ... on level 11 of the Dungeon.
             The game lasted 00:55:52 (19674 turns).

101zpm the Thaumaturge (Djinni Fire Elementalist)  Turns: 19674, Time: 00:55:53

Health: -2/72      AC:  8    Str:  7    XL:     12   Next: 34%
Gold:   806        EV: 11    Int: 32    God:    Makhleb [*.....] SH:  7 Dex: 13

rFire   + + +      SeeInvis .   N - +8 spear "Laxisir" {vorpal, rC++}
rCold   + + .      Faith    .   H - +0 kite shield
rNeg    . . .      Spirit   .   S - +1 robe of the Ladybird {rF+ Archmagi}
rPois   ∞          Reflect  .   c - +2 helmet {Int+3}
rElec   .          Harm     .   D - +0 cloak
rCorr   .          Rampage  .   a - +0 pair of gloves {hurl}
Will    +....      Archmagi +   (boots unavailable)
Stlth   +++.......              (no amulet)
HPRegen 0.22/turn               e - ring of protection from cold
MPRegen 0.00/turn               k - +6 ring of intelligence

@: flying, slowed, very slow
A: sickness immunity, fire resistance 2, cold vulnerability 1, float, innate
caster, HP casting, extra vitality 1
a: Renounce Religion


You were on level 11 of the Dungeon.
You worshipped Makhleb.
Makhleb was aware of your devotion.
You visited 2 branches of the dungeon, and saw 13 of its levels.
You also visited: Bailey.

You collected 806 gold pieces.

Inventory:

Hand Weapons
 C - a +2 falchion of protection
 G - the +5 long sword of the Foremost Lovers {vorpal, Fly rPois Int+4 Dex-4}
   (You found it on level 6 of the Dungeon)

   It inflicts extra damage upon your enemies.
   Int:       It affects your intelligence (+4).
   Dex:       It affects your dexterity (-4).
   rPois:     It protects you from poison.
   Fly:       It grants you flight.
 N - the +8 spear "Laxisir" (weapon) {vorpal, rC++}
   (You found it on level 7 of the Dungeon)

   It inflicts extra damage upon your enemies.
   rC:        It greatly protects you from cold.
Missiles
 B - 14 boomerangs
 F - 2 throwing nets
Armour
 a - a +0 pair of gloves of hurling (worn)
 c - a +2 helmet of intelligence (worn)
 g - a +2 pair of gloves
 D - a +0 cloak (worn)
 H - a +0 kite shield (worn)
 S - the +1 robe of the Ladybird (worn) {rF+ Archmagi}
   (You found it on level 10 of the Dungeon)

   rF:        It protects you from fire.
   Archmagi:  It increases the power of your magical spells.
Jewellery
 e - a ring of protection from cold (left hand)
 k - a +6 ring of intelligence (right hand)
 n - an amulet of faith
 s - a ring of protection from fire
 x - a +6 ring of intelligence
Wands
 A - a wand of flame (61)
 E - a wand of iceblast (24)
 O - a wand of digging (9)
 Q - a wand of mindburst (15)
 R - a wand of light (6)
Scrolls
 d - 4 scrolls of teleportation
 h - 2 scrolls of noise
 m - 2 scrolls of magic mapping
 p - a scroll of vulnerability
 r - 2 scrolls of poison
 v - a scroll of fear
 y - 2 scrolls of immolation {unknown}
 J - a scroll of blinking {unknown}
 K - a scroll of summoning {unknown}
 L - a scroll of enchant armour {unknown}
 M - a scroll of brand weapon {unknown}
 P - 2 scrolls of silence {unknown}
 T - a scroll of amnesia {unknown}
Potions
 b - 2 potions of lignification {unknown}
 f - 2 potions of degeneration {unknown}
 j - 2 potions of berserk rage {unknown}
 l - 4 potions of flight {unknown}
 o - a potion of brilliance {unknown}
 q - 2 potions of attraction {unknown}
 t - 2 potions of heal wounds {unknown}
 w - 2 potions of haste {unknown}
 z - a potion of curing {unknown}
 I - 3 potions of mutation {unknown}
 U - a potion of experience {unknown}


   Skills:
 + Level 1.1 Fighting
 + Level 1.0 Long Blades
 + Level 4.3 Dodging
 + Level 4.4 Stealth
 + Level 1.3 Shields
 + Level 14.0 Spellcasting


You had 11 spell levels left.
You knew the following spells:

 Your Spells              Type           Power      Damage    Failure   Level
a - Foxfire               Conj/Fire      100%       2x1d9     1%          1
b - Scorch                Fire           100%       2d10      1%          2
c - Conjure Flame         Conj/Fire      100%       6-21      1%          3
d - Inner Flame           Hex/Fire       100%       N/A       1%          3
e - Flame Wave            Conj/Fire      100%       2d21      1%          4
f - Freeze                Ice            100%       1d11      1%          1
g - Searing Ray           Conj           100%       2d8       1%          2
h - Frozen Ramparts       Ice            100%       1d16      1%          3
i - Animate Dead          Necr           100%       N/A       1%          4
j - Metabolic Englaciati  Hex/Ice        53%        N/A       1%          5
Your spell library was empty.

Dungeon Overview and Level Annotations

Branches:
Dungeon (12/15)            Temple (1/1) D:6            Lair (0/5) D:10
 Bailey (visited)
    Orc: D:9-12

Altars:
Ashenzari
Cheibriados
Dithmenos
Elyvilon
Fedhas
Gozag
Hepliaklqana
Makhleb
Nemelex Xobeh
Okawaru
Qazlal
Ru
Trog
Uskayaw
Wu Jian
Xom
Yredelemnul
Zin
The Shining One

Shops:
D:12 [(

Annotations:
D:3 4 runed translucent doors, ripuliukko's ghost, amateur GrEE
D:5 2 runed translucent doors, ciphuk's ghost, novice DrHu
D:7 1 runed translucent door, SharpKris's ghost, novice FoFi
D:8 2 transporters, BabyfaceFinlayson's ghost, novice OgFE


Innate Abilities, Weirdness & Mutations

You are immune to sickness and miasma.
You are immune to poison.
Your flesh is very heat resistant. (rF++)
You are vulnerable to cold. (rC-)
You float through the air rather than walking.
You learn spells naturally, not from books.
Your magical power is your life essence.
You have superior vitality. (+4 MHP)


Message History

Two slime creatures merge to form a large slime creature.
You block the wraith's attack.
The vampire mosquito closely misses you.
The slime creature hits you. The troll bites you! You block the troll's attack.
The troll claws you. The vampire barely misses you.
The vampire closely misses you. The wraith misses you.
You fly upwards.
There is a stone staircase leading down here.
As you read the scroll of fear, it crumbles to dust.
You assume a fearsome visage.
The large slime creature looks frightened!
The wraith is unaffected.
The vampire mosquito is unaffected.
You block the vampire mosquito's attack.
The vampire mosquito closely misses you.
The vampire mosquito bites you.
* * * LOW HITPOINT WARNING * * *
The wraith hits you!
* * * LOW HITPOINT WARNING * * *
The wraith drains your vigour!
You feel as though you will be slow longer.
Casting: Flame Wave (safe; 1% risk of failure)
Confirm with . or Enter, or press ? or * to list all spells.
You feel a surge of power!
Flames lash the vampire mosquito.
You destroy the vampire mosquito!
Makhleb accepts your kill.
* * * LOW HITPOINT WARNING * * *
The wraith closely misses you. The wraith hits you but does no damage.
Casting: Scorch (safe; 1% risk of failure)
Confirm with . or Enter, or press ? or * to list all spells.
You feel a surge of power!
Flames lash the wraith.
The wraith is lightly damaged.
The wraith's fire resistance burns away.
* * * LOW HITPOINT WARNING * * *
The wraith hits you but does no damage.
Casting: Foxfire (safe; 1% risk of failure)
Press: ? - help, Q - select action, (/) - cycle Dir - look around, f - activate You feel a surge of power!
You conjure some foxfire!
* * * LOW HITPOINT WARNING * * *
The wraith completely misses you. The wraith hits you!
You die...

... .... #############...
......v...<...#
.......@v....J#
......†.W.....#...#
..............# ..#
..............# #.#
###########'######.######
#.......................#
#.......................#
#.......................#
#................)>.....#


You could see a large slime creature (fleeing) and a wraith (combustible, ally
target).

Vanquished Creatures
  A hydra (D:7)
  Erolcha (D:11)
  2 vault guards (Bailey)
  A skeletal warrior (D:11)
  A deep elf pyromancer (D:7)
  A manticore (D:7)
  2 trolls (D:9)
  A hornet (D:11)
  Prince Ribbit (Bailey)
  2 steam dragons
  5 yaks (D:8)
  7 humans (Bailey)
  11 vampire mosquitoes
  2 acid dragons (D:10)
  8 orc warriors
  An ice beast (D:6)
  A black bear (D:7)
  3 ogres
  5 phantoms
  3 kobold brigands
  17 bullfrogs
  A necrophage (D:5)
  4 gnoll sergeants
  4 scorpions
  3 wights (D:5)
  7 killer bees
  2 howler monkeys (D:12)
  3 human zombies (Bailey)
  3 jellies
  A gnoll bouda (D:5)
  2 hounds (D:5)
  12 orc priests
  4 iguanas
  15 orc wizards
  Robin (D:4)
  32 gnolls
  5 adders
  4 shadow imps
  3 white imps
  3 ufetubi
  3 worms
  2 dart slugs
  49 orcs
  8 ball pythons
  7 bats
  9 endoplasms
  5 giant cockroaches
  17 goblins
  8 hobgoblins
  8 jackals
  3 quokkas
  3 frilled lizards
  A jackal skeleton (D:3)
  26 kobolds
  5 rats
339 creatures vanquished.

Vanquished Creatures (collateral kills)
  A bullfrog (Bailey)
1 creature vanquished.

Vanquished Creatures (others)
  1003 foxfires
1003 creatures vanquished.

Grand Total: 1343 creatures vanquished

Notes
Turn   | Place    | Note
-------+----------+-------------------------------------------
     0 | D:1      | 101zpm the Djinni Fire Elementalist began the quest for the
                  | Orb.
     0 | D:1      | 101zpm set off with the following spells memorised:
                  | Foxfire, Scorch, Conjure Flame, Inner Flame, Flame Wave.
     0 | D:1      | Reached XP level 1. HP: 15/15 MP: 0/0
   125 | D:1      | Found a faded altar of an unknown god.
   562 | D:1      | Reached XP level 2. HP: 11/21 MP: 0/0
  1158 | D:1      | Reached skill level 3 in Spellcasting
  1732 | D:1      | You are sucked into a shaft and drop 1 floor!
  1938 | D:3      | Reached XP level 3. HP: 23/25 MP: 0/0
  1938 | D:3      | Learned a level 1 spell: Freeze
  2030 | D:3      | Reached XP level 4. HP: 19/31 MP: 0/0
  2579 | D:3      | Found a runed translucent door.
  2579 | D:3      | Noticed a human
  2583 | D:3      | Found a basalt altar of Yredelemnul.
  2639 | D:3      | Reached XP level 5. HP: 10/35 MP: 0/0
  2639 | D:3      | Learned a level 2 spell: Searing Ray
  3036 | D:3      | Reached skill level 4 in Spellcasting
  3375 | D:3      | Found a runed translucent gate.
  3375 | D:3      | Found a runed translucent gate.
  3378 | D:3      | Found a runed translucent gate.
  3494 | D:3      | Noticed ripuliukko's ghost (amateur GrEE)
  3531 | D:3      | Noticed an ice beast
  4822 | D:2      | Reached XP level 6. HP: 25/40 MP: 0/0
  6132 | D:4      | Found a bloodstained altar of Trog.
  6363 | D:4      | Reached skill level 5 in Spellcasting
  6723 | D:4      | Noticed Robin
  6725 | D:4      | Killed Robin
  7248 | D:4      | Reached XP level 7. HP: 11/45 MP: 0/0
  7248 | D:4      | Learned a level 3 spell: Frozen Ramparts
  7573 | D:5      | Entered Level 5 of the Dungeon
  8215 | D:5      | Reached skill level 6 in Spellcasting
  8294 | D:5      | Found a white marble altar of Elyvilon.
  8335 | D:5      | Reached XP level 8. HP: 30/50 MP: 0/0
  8696 | D:5      | Found a runed translucent door.
  8725 | D:5      | Reached skill level 7 in Spellcasting
  8782 | D:5      | Noticed ciphuk's ghost (novice DrHu)
  9081 | D:5      | Found a runed translucent door.
  9759 | D:6      | Reached skill level 8 in Spellcasting
  9759 | D:6      | Reached XP level 9. HP: 46/55 MP: 0/0
  9759 | D:6      | Learned a level 4 spell: Animate Dead
 10059 | D:6      | Found a staircase to the Ecumenical Temple.
 10371 | D:6      | Found a sacrificial altar of Ru.
 10563 | D:6      | Identified the +5 long sword of the Foremost Lovers
                  | {vorpal, Fly rPois Int+4 Dex-4}
 10676 | D:6      | Reached skill level 9 in Spellcasting
 11455 | D:7      | Found a flagged portal.
 11576 | Bailey   | Entered a bailey
 11693 | Bailey   | Reached XP level 10. HP: 35/60 MP: 0/0
 11696 | Bailey   | Reached skill level 10 in Spellcasting
 12167 | Bailey   | Reached skill level 11 in Spellcasting
 12427 | Bailey   | Noticed a vault guard
 12433 | Bailey   | Killed a vault guard
 12634 | Bailey   | Noticed Prince Ribbit
 12634 | Bailey   | Noticed a vault guard
 12659 | Bailey   | Killed a vault guard
 12660 | Bailey   | Reached skill level 1 in Long Blades
 12660 | Bailey   | Reached skill level 1 in Shields
 12660 | Bailey   | Reached XP level 11. HP: 15/66 MP: 0/0
 12660 | Bailey   | Learned a level 5 spell: Metabolic Englaciation
 12661 | Bailey   | Killed Prince Ribbit
 13048 | D:7      | Identified the +8 spear "Laxisir" {vorpal, rC++}
 13091 | D:7      | Noticed a five-headed hydra
 13096 | D:7      | Killed a five-headed hydra
 13097 | D:7      | Reached skill level 12 in Spellcasting
 13554 | D:7      | Found an iron altar of Okawaru.
 13567 | D:7      | Found a runed translucent door.
 13567 | D:7      | Noticed SharpKris's ghost (novice FoFi)
 14099 | D:7      | Noticed a deep elf pyromancer
 14102 | D:7      | Killed a deep elf pyromancer
 14161 | D:7      | Noticed a manticore
 14166 | D:7      | Killed a manticore
 14167 | D:7      | Reached skill level 1 in Fighting
 14999 | D:8      | Found a glowing silver altar of Zin.
 15077 | D:8      | Found a transporter.
 15078 | D:8      | Noticed BabyfaceFinlayson's ghost (novice OgFE)
 15136 | D:8      | Found a broken altar of Ashenzari.
 15142 | D:8      | Found a transporter.
 15367 | D:9      | Found a sparkling altar of Nemelex Xobeh.
 15367 | D:9      | Found a hazy altar of Hepliaklqana.
 15413 | D:9      | Reached skill level 13 in Spellcasting
 16100 | D:9      | Found a burning altar of Makhleb.
 16765 | Temple   | Entered the Ecumenical Temple
 17023 | D:9      | Became a worshipper of Makhleb the Destroyer
 17036 | D:10     | Entered Level 10 of the Dungeon
 17653 | D:10     | Identified the +1 robe of the Ladybird {rF+ Archmagi}
 18075 | D:10     | Reached XP level 12. HP: 61/72 MP: 0/0
 18363 | D:10     | Found a stormy altar of Qazlal.
 18533 | D:10     | Found a staircase to the Lair.
 18848 | D:11     | Noticed Erolcha
 18855 | D:11     | Killed Erolcha
 18855 | D:11     | Reached * piety under Makhleb
 18864 | D:11     | Noticed a skeletal warrior
 18866 | D:11     | Noticed a skeletal warrior
 18867 | D:11     | Noticed a skeletal warrior
 18871 | D:11     | Noticed a skeletal warrior
 18948 | D:11     | Noticed a skeletal warrior
 19171 | D:11     | Identified a scroll of acquirement
 19177 | D:11     | Acquired a +2 helmet of intelligence
 19291 | D:12     | Found Wareizoz's Weapon Shoppe.
 19291 | D:12     | Found Boyloch's Antique Armour Emporium.
 19324 | D:11     | Killed a skeletal warrior
 19664 | D:12     | Noticed a skeletal warrior
 19667 | D:12     | Reached skill level 14 in Spellcasting
 19674 | D:11     | Slain by a wraith

Illustrated notes

Levels and vault maps discovered:
D:1:      mainiacjoe_arrival_reflecting_pool, layout_loops_ring,
          ebering_ecumenical_altar_rust
D:2:      layout_basic, minmay_misc_feat_rows, minmay_vboxes
D:3:      layout_basic, dk_yredelemnul_ordeal, gammafunk_ghost_split,
          minivault_25
D:4:      layout_basic, trog_antimagical, grunt_ministairs_14, uniq_robin
D:5:      layout_cave_pools, elyvilon_altar_5, serial_gnoll_camp,
          gnoll_camp_mini_hut, gnoll_camp_mini_house, gnoll_camp_mini_hut,
          gnoll_camp_mini_hut, ebering_ghost_sewer_f, solitary_fountain,
          moated_statue, serial_park_tiny_pond
D:6:      layout_basic, old_standard_altar, temple_statues
D:7:      layout_cave_pods, kennysheep_little_box, gammafunk_ghost_grave,
          enter_bailey_5, grunt_ministairs_14, kb_rosetta
D:8:      layout_rooms, ashenzari_altar_1, zin_statuary,
          gammafunk_ghost_stat_death, kennysheep_another_room
D:9:      layout_loops_ring, bloody_makhleb, nicolae_sif_muna_little_library,
          amethyst_overflow_temple_binary
D:10:     layout_long_grid, lemuel_round_altar, dpeg_oklobed_lair, special_room
          [special_room_orc]
D:11:     layout_gridville, uniq_erolcha
D:12:     layout_gridville, orc_0_dummy, serial_shops, nicolae_shop_statue_plus,
          nicolae_shop_crystal, nicolae_shop_waterfront, shop_coins,
          nicolae_shop_trees, eino_jars
Temple:   compressed_dpeg_circular_temple

Skill      XL: |  1  2  3  4  5  6  7  8  9 10 11 12 |
---------------+-------------------------------------+-----
Spellcasting   | 3 4 5 6 8 9 11 13 14 | 14.0
Stealth        | 2 3 4 |  4.4
Dodging        | 3 4 |  4.3
Long Blades    | 1 |  1.0
Shields        | 1 |  1.3
Fighting       | 1 |  1.1

Action                   |  1- 3 |  4- 6 |  7- 9 | 10-12 || total
-------------------------+-------+-------+-------+-------++-------
Melee: Long sword        |       |       |       |     2 ||     2
       Spear             |       |       |       |     3 ||     3
 Cast: Foxfire           |    75 |   140 |   152 |   236 ||   603
       Scorch            |     4 |    32 |    54 |    76 ||   166
       Inner Flame       |     2 |    47 |    57 |   109 ||   215
       Freeze            |       |     1 |       |       ||     1
       Frozen Ramparts   |       |       |     2 |     2 ||     4
       Animate Dead      |       |       |     1 |     2 ||     3
       Metabolic Englaci |       |       |       |     6 ||     6
       Flame Wave        |       |       |       |     4 ||     4
       Searing Ray       |       |       |       |     1 ||     1
  Use: Scroll            |       |       |       |    12 ||    12
Armor: Robe              |       |     2 |     6 |    22 ||    30
Dodge: Dodged            |     4 |     4 |     5 |    48 ||    61
Block: Kite shield       |       |       |     4 |    19 ||    23
